Map: Neon Violet Square LE

Players

AzazEl

  • Race: Terran Terran
  • League: Diamond
  • Spawn Location: 5:00

Isszul - Winner!

  • Race: Zerg Zerg
  • Spawn Location: 11:00

VOD

Have the link to the VOD?

Description

Time

  • Played on: March 9, 2018, 1:02 p.m.
  • Length: 21:31
Show
View Real Time Build Order
Export as new Build Order

AzazEl Terran 

Build Orders: Bio Tank 

Get SALT Encoding   

  12  0:01  SCV  
  13  0:17  Supply Depot  
  13  0:26  SCV  
  14  0:38  SCV  
  14  0:42  Barracks  
  15  0:50  SCV  
  16  1:02  SCV  
  17  1:14  SCV  
  18  1:26  SCV  
  18  1:31  Marine  
  20  1:36  Command Center  
  20  1:38  Orbital Command  
  20  1:50  Bunker  
  20  1:51  Marine  
  21  1:58  Supply Depot  
  21  1:59  Refinery  
  21  2:07  SCV  
  22  2:09  Marine  
  22  2:13  Refinery  
  23  2:26  SCV  
  23  2:27  Marine  
  25  2:41  Supply Depot  
  25  2:45  Marine  
  27  2:51  SCV  
  27  2:53  Orbital Command  
  27  2:54  Factory  
  27  3:03  SCV  
  28  3:09  Barracks Tech Lab, Supply Depot  
  28  3:17  SCV  
  28  3:19  SCV  
  30  3:29  Marine, SCV  
  30  3:30  Stimpack  
  30  3:31  SCV  
  33  3:41  SCV  
  33  3:43  Factory Tech Lab, SCV  
  33  3:44  Starport  
  33  3:47  Refinery  
  35  3:48  Refinery  
  35  3:49  Marine  
  36  4:05  Engineering Bay  
  36  4:06  SCV x2  
  38  4:12  Supply Depot  
  41  4:17  Siege Tank  
  41  4:18  SCV x2  
  41  4:23  Starport Reactor  
  43  4:24  Marine  
  43  4:30  SCV x2  
  46  4:41  Supply Depot  
  46  4:42  SCV x2  
  46  4:44  Marine  
  49  4:54  Barracks, SCV  
  49  4:55  Barracks, SCV  
  51  5:00  Terran Infantry Weapons Level 1  
  51  5:02  Marine  
  51  5:06  SCV  
  53  5:07  SCV  
  53  5:08  Supply Depot  
  54  5:17  Medivac x2  
  54  5:18  SCV  
  54  5:20  Marine, SCV  
  61  5:30  Combat Shields, Siege Tank, SCV  
  61  5:32  SCV  
  66  5:38  Marine  
  66  5:42  SCV  
  68  5:43  Barracks Reactor x2  
  68  5:44  SCV  
  68  5:48  Medivac x2  
  73  5:54  SCV  
  73  5:56  Missile Turret, SCV  
  75  5:57  Missile Turret, Supply Depot  
  75  6:04  Supply Depot  
  75  6:06  Supply Depot  
  75  6:07  Siege Tank  
  75  6:08  Marine  
  79  6:20  Marine x4  
  79  6:24  Missile Turret  
  83  6:26  Marine  
  83  6:28  Supply Depot  
  83  6:30  Medivac  
  83  6:31  Medivac  
  88  6:32  Missile Turret  
  88  6:35  Supply Depot  
  88  6:38  Marine x2  
  93  6:40  Siege Tank  
  93  6:50  Marine x2  
  93  6:51  Marine  
  96  6:55  Terran Infantry Armor Level 1  
  96  7:04  Marine x2  
  96  7:05  Medivac  
  100  7:08  Marine x2  
  100  7:12  Siege Tank  
  105  7:19  Command Center  
  105  7:29  Marine x5  
  108  7:31  Medivac  
  108  7:35  Supply Depot  
  108  7:36  Supply Depot  
  112  7:44  Siege Tank  
  115  7:47  Marine  
  116  8:02  Marine x4  
  116  8:04  Medivac x2  
  116  8:05  Marine  
  125  8:16  Siege Tank  
  119  8:28  Marine x5  
  119  8:33  Orbital Command  
  124  8:36  Command Center, Liberator x2  
  114  8:42  Barracks x2  
  114  8:45  Marine  
  114  8:46  Marauder  
  114  8:48  Siege Tank  
  117  8:51  Marine x3  
  126  9:03  Marine  
  126  9:07  Marine  
  126  9:08  Marine  
  126  9:09  Marine  
  111  9:20  Siege Tank  
  114  9:24  Marine  
  114  9:25  Marine x2  
  114  9:26  Marine  
  118  9:34  Starport, Factory  
  118  9:35  Supply Depot  
  118  9:36  Medivac x2  
  122  9:40  SCV x3  
  122  9:44  Marauder  
  127  9:48  Marine x3  
  127  9:49  Barracks Reactor x2  
  127  9:51  Liberator x2  
  127  9:52  Siege Tank  
  132  10:26  Marine x6  
  132  10:27  Marauder, Marine x2, Siege Tank  
  145  10:30  SCV x2  
  145  10:32  Refinery x2  
  147  10:46  Marine x4  
  147  10:47  Marine x4  
  147  10:48  Marine  
  156  11:00  Siege Tank  
  159  11:04  Marine x3  
  159  11:06  Missile Turret  
  159  11:08  Missile Turret  
  162  11:26  Marine x2  
  162  11:27  Marine x6  
  162  11:28  Medivac x2, Marauder  
  162  11:32  Siege Tank  
  179  11:44  Marine  
  180  11:58  Marine x3  
  180  11:59  Marauder, Marine x4  
  179  12:02  Marine  
  179  12:04  Siege Tank  
  168  12:15  Marine x2  
  168  12:16  Marine x3  
  168  12:17  Marine x2  
  168  12:20  Marauder  
  168  12:22  Marine  
  166  12:33  Marine x2  
  166  12:34  Marine x2  
  161  12:38  Factory Tech Lab  
  161  12:39  Starport Reactor  
  161  12:41  Marauder  
  146  13:00  Marine x5  
  146  13:01  Marine x3  
  146  13:03  Marauder  
  138  13:06  Planetary Fortress  
  138  13:07  Starport Reactor  
  135  13:14  Siege Tank  
  135  13:18  Marine x2  
  140  13:23  Marine x3  
  140  13:24  Marauder, Marine x2, SCV  
  140  13:25  SCV  
  149  13:44  Command Center  
  147  14:01  Marine  
  147  14:02  Marauder, Marine x6  
  128  14:03  Siege Tank x2  
  128  14:04  Viking x2, Medivac x2  
  116  14:19  Marine x4  
  116  14:20  Marine  
  116  14:23  Liberator x2  
  114  14:24  Marauder  
  114  14:26  Marine x3  
  114  14:30  Refinery  
  114  14:31  Refinery  
  117  14:34  Engineering Bay  
  117  14:35  Siege Tank x2  
  117  14:37  Marine x2  
  117  14:38  Armory, Marine  
  126  14:41  Medivac x2  
  126  14:45  Marauder  
  138  14:47  Marine x2  
  138  14:48  Marine x2  
  142  15:07  Marauder, Siege Tank  
  144  15:08  Liberator x2  
  144  15:13  Missile Turret  
  147  15:24  Marine x4  
  147  15:25  Missile Turret, Marine x3  
  147  15:26  Viking, Medivac  
  147  15:27  Marine  
  147  15:28  Marauder, Siege Tank  
  164  15:39  Siege Tank  
  164  15:42  Marine x5  
  141  15:43  Marine x2  
  145  15:50  Marine x2  
  145  15:53  SCV  
  145  15:56  Viking  
  150  16:00  Marine x2, Siege Tank  
  155  16:04  Liberator x2  
  155  16:08  Marine x5  
  155  16:09  Marauder  
  159  16:11  Siege Tank  
  142  16:19  Marine x3  
  142  16:22  Medivac  
  140  16:26  Marine x2  
  140  16:30  Marauder  
  140  16:32  Siege Tank  
  144  16:34  Marine x2  
  144  16:35  Marine  
  144  16:36  Marine  
  144  16:37  Marine  
  144  16:38  Planetary Fortress  
  149  16:42  SCV x2  
  149  16:43  Siege Tank  
  154  16:47  Command Center  
  154  16:51  Terran Infantry Armor Level 2, Terran Infantry Weapons Level 2  
  154  16:52  Marauder  
  154  16:53  Terran Vehicle Weapons Level 1  
  156  17:03  Marine x3  
  156  17:04  Marine x4  
  156  17:05  Siege Tank  
  156  17:07  Marine  
  167  17:13  Marauder  
  162  17:21  Marine x2  
  163  17:29  Marine  
  162  17:30  Marine x5  
  162  17:34  Marauder  
  170  17:39  Marine  
  170  17:40  Marine  
  172  17:47  Marine x2  
  172  17:48  Command Center, Marine x4  
  157  17:56  Marauder  
  157  17:57  Marine  
  127  18:03  Marine  
  127  18:04  Siege Tank  
  127  18:05  Marine x3  
  129  18:06  Marine  
  129  18:13  Marine x2  
  129  18:17  Marauder  
  131  18:34  Marine x6  
  132  18:39  Marauder  
  109  18:48  Liberator x2  
  109  18:58  Marine x2  
  109  18:59  Marine x2  
  109  19:00  Marauder, Marine x4  
  118  19:06  Medivac x2  
  128  19:18  Marine x2  
  128  19:21  Marauder  
Show
View Real Time Build Order
Export as new Build Order

Isszul Zerg - Winner!

Build Orders: Hatch First 

Get SALT Encoding   

  12  0:01  Drone  
  13  0:14  Overlord  
  13  0:19  Drone  
  14  0:32  Drone x2  
  16  0:39  Drone  
  17  0:53  Hatchery  
  17  0:56  Drone  
  17  1:05  Drone  
  17  1:11  Extractor  
  17  1:19  Drone  
  17  1:20  Spawning Pool  
  17  1:22  Drone  
  18  1:37  Drone  
  19  1:41  Overlord  
  19  1:52  Drone  
  20  2:05  Drone  
  20  2:06  Overlord  
  20  2:08  Queen x2  
  23  2:14  Zergling x2  
  26  2:17  Zergling x2  
  27  2:25  Drone  
  27  2:29  Drone  
  29  2:41  Drone x2  
  29  2:42  Hatchery  
  30  2:48  Overlord  
  30  2:49  Drone  
  31  2:55  Zergling x2  
  32  2:59  Drone  
  32  3:02  Metabolic Boost  
  33  3:07  Drone  
  33  3:09  Drone  
  35  3:17  Drone  
  35  3:18  Drone  
  35  3:19  Overlord x2  
  36  3:20  Drone  
  36  3:22  Drone  
  36  3:26  Drone x2  
  40  3:32  Drone  
  41  3:34  Queen  
  41  3:36  Drone  
  44  3:43  Drone x2  
  46  3:48  Drone, Extractor  
  46  3:49  Drone, Baneling Nest  
  46  3:51  Overlord  
  46  3:56  Zergling x4  
  46  3:57  Zergling x2  
  46  4:01  Drone x2  
  51  4:04  Queen  
  51  4:06  Zergling x2  
  54  4:10  Zergling x4  
  54  4:15  Zergling x4  
  58  4:17  Queen  
  58  4:20  Zergling x4  
  58  4:23  Zergling x2  
  63  4:31  Zergling x12  
  69  4:38  Drone  
  69  4:39  Spore Crawler  
  69  4:40  Queen  
  69  4:41  Drone  
  69  4:44  Overlord  
  72  4:48  Overlord  
  72  5:01  Overlord  
  72  5:02  Queen x2  
  72  5:03  Zergling x2  
  72  5:06  Drone x2  
  79  5:08  Drone  
  79  5:09  Drone  
  79  5:12  Overlord  
  81  5:20  Queen  
  83  5:21  Drone x3  
  86  5:31  Evolution Chamber  
  86  5:33  Drone x5  
  86  5:34  Evolution Chamber  
  89  5:42  Drone  
  90  5:43  Drone x4  
  90  5:45  Lair  
  90  5:47  Drone  
  90  5:48  Drone  
  90  5:49  Drone  
  97  5:56  Baneling  
  97  5:59  Spore Crawler  
  97  6:01  Spore Crawler  
  94  6:15  Hatchery  
  94  6:17  Extractor  
  84  6:24  Extractor  
  83  6:26  Evolution Chamber  
  83  6:28  Extractor  
  83  6:29  Drone x7  
  83  6:30  Drone x7  
  83  6:31  Drone x3  
  98  6:39  Zerg Melee Weapons Level 1, Zerg Ground Armor Level 1  
  98  6:40  Extractor  
  97  6:55  Drone x3  
  97  6:56  Drone x4  
  97  6:57  Drone  
  97  6:58  Zerg Missile Weapons Level 1  
  105  7:02  Infestation Pit  
  105  7:03  Drone  
  105  7:04  Overlord  
  105  7:05  Overlord x3  
  105  7:12  Overlord  
  105  7:28  Zergling x14  
  112  7:42  Spire  
  112  7:43  Drone x2  
  112  7:44  Drone x8  
  121  7:45  Zergling x2, Extractor  
  121  7:46  Zergling x4, Extractor  
  121  7:48  Queen x3  
  121  7:49  Queen  
  130  7:56  Zergling x8  
  117  8:24  Queen  
  112  8:32  Zergling x22  
  110  8:36  Zergling x2  
  110  8:39  Zergling x4  
  104  8:45  Zergling x2  
  103  8:52  Zergling x4  
  103  8:55  Drone  
  106  8:58  Zerg Flyer Weapons Level 1  
  105  9:21  Drone x4  
  105  9:22  Queen  
  111  9:29  Hatchery  
  111  9:30  Extractor  
  111  9:31  Spore Crawler  
  108  9:33  Hatchery  
  108  9:38  Zerg Ground Armor Level 2, Zerg Melee Weapons Level 2  
  107  9:41  Hatchery  
  106  9:47  Drone x11  
  117  9:53  Hatchery  
  117  9:57  Extractor  
  117  9:59  Queen x3  
  114  10:16  Zergling x16  
  111  10:28  Zergling x12  
  117  10:35  Queen x3  
  119  10:40  Mutalisk x3  
  129  10:43  Zergling x4  
  129  10:46  Hatchery  
  130  10:51  Spore Crawler  
  129  11:03  Zergling x2  
  129  11:04  Zergling x18  
  136  11:10  Queen  
  136  11:11  Queen x2  
  143  11:13  Corruptor x5  
  155  11:23  Corruptor x4  
  163  11:26  Zergling x2  
  163  11:28  Overlord x4  
  164  11:40  Overlord x4  
  164  11:41  Overlord  
  164  11:43  Baneling x3  
  164  11:44  Baneling  
  164  11:45  Baneling, Queen x3  
  164  11:46  Queen x2  
  174  11:47  Baneling  
  174  11:48  Baneling  
  151  12:01  Zergling x6  
  151  12:02  Zergling x24  
  152  12:15  Zergling x16  
  157  12:22  Zergling x6  
  136  12:30  Zergling x12  
  136  12:34  Zergling x2  
  129  12:37  Baneling x9  
  129  12:38  Baneling x6  
  129  12:41  Zergling x2  
  129  12:42  Zergling x8  
  134  12:46  Zergling x10  
  136  12:55  Zergling x4  
  126  13:07  Hatchery  
  124  13:22  Hive, Queen  
  124  13:23  Queen x3  
  124  13:25  Extractor x2  
  130  13:27  Drone x3  
  130  13:28  Drone  
  134  13:35  Hatchery  
  134  13:37  Corruptor x2  
  137  13:42  Baneling  
  137  13:43  Baneling x9  
  137  13:44  Baneling  
  137  13:51  Zergling x10  
  140  14:01  Zergling x16  
  137  14:08  Zergling x10  
  136  14:20  Zergling x4  
  136  14:21  Zergling x14  
  144  14:41  Adrenal Glands  
  144  14:42  Ultralisk Cavern  
  143  14:46  Hatchery  
  143  14:49  Extractor  
  141  14:54  Extractor  
  140  15:15  Zergling x12  
  140  15:16  Zergling x48  
  170  15:25  Baneling  
  170  15:26  Baneling x11  
  168  15:35  Zergling x10  
  168  15:36  Zergling x4  
  168  15:40  Drone x4  
  172  15:52  Hatchery  
  171  16:00  Zerg Melee Weapons Level 3  
  171  16:01  Zerg Ground Armor Level 3  
  168  16:13  Zergling x6  
  168  16:18  Zergling x12  
  160  16:41  Corruptor x3  
  160  16:42  Corruptor x2  
  160  16:45  Chitinous Plating  
  170  17:01  Corruptor x4  
  170  17:03  Zergling x6  
  179  17:20  Centrifical Hooks  
  143  17:59  Hatchery  
  143  18:03  Ultralisk  
  143  18:04  Ultralisk x7  
  190  18:15  Drone x3  
  190  18:17  Extractor  
  190  18:18  Extractor  
  188  18:23  Greater Spire, Corruptor x2  
  188  18:24  Corruptor x3  
  198  18:33  Zergling x4  
  200  18:34  Zerg Missile Weapons Level 2  
  190  18:46  Hatchery  
  188  18:54  Zergling x22  
  199  18:57  Extractor  
  198  19:07  Drone  
  199  19:15  Baneling  
  199  19:16  Baneling x21  
  175  19:57  Zergling x34  
  175  19:58  Zergling x14  
  175  20:16  Hatchery  
  175  20:34  Extractor  
  175  20:35  Extractor  
Tags
 
Composition
Bio Tank
League
Diamond
Matchup
TvZ
Spawn Locations
Cross Positions
Add a new tag
Caveats
  • Supply blocks, unpowered buildings, or Contaminate may cause inaccurate times.
  • Supply counts are checked every 10 seconds.